 Dungeon Crawl Stone Soup version 0.30.0-20-g3615ddf2f0 (webtiles) character file.

Game seed: 7659385840853466394

374 qw the Chopper (level 6, -1/38 HPs)
             Began as a Gargoyle Fighter on May 29, 2023.
             Slain by an orc
             ... wielding a +0 trident
              (2 damage)
             ... on level 4 of the Dungeon.
             The game lasted 00:01:44 (2873 turns).

qw the Chopper (Gargoyle Fighter)                   Turns: 2873, Time: 00:01:45

Health: -1/38      AC: 13    Str: 21    XL:     6   Next: 72%
Magic:  6/6        EV:  8    Int:  9    God:
Gold:   118        SH:  4    Dex:  9    Spells: 5/5 levels left

rFire   . . .        Y - +0 war axe (venom)
rCold   . . .        c - +0 buckler
rNeg    + . .        k - +0 chain mail
rPois   inf          (no helmet)
rElec   +            (no cloak)
rCorr   .            (no gloves)
SInv    .            (no boots)
Will    .....        (no amulet) Stlth
                     (no ring)
HPRegen 0.26/turn    (no ring)
MPRegen 0.10/turn

%: random rage (3%)
@: no status effects
A: sickness immunity, AC +4, negative energy resistance 1, electricity
resistance, torment resistance 1, petrification resistance, berserk 1
a: no special abilities


You were on level 4 of the Dungeon.
You visited 1 branch of the dungeon, and saw 4 of its levels.

You collected 118 gold pieces.


Innate Abilities, Weirdness & Mutations

You are immune to sickness and miasma.
Your stone body is resilient. (AC +4)
You are immune to poison.
You resist negative energy. (rN+)
You are resistant to electric shocks. (rElec)
You are resistant to unholy torment.
You are immune to petrification.
You sometimes lose your temper in combat.


   Skills:
 - Level 4.0 Fighting
 + Level 5.8 Axes
 - Level 3.2 Armour
 - Level 1.0 Dodging
 - Level 3.2 Shields


You had 5 spell levels left.
You didn't know any spells.
Your spell library was empty.

Inventory:

Hand Weapons
 m - a +0 flail
 Y - a +0 war axe of venom (weapon)
Armour
 c - a +0 buckler (worn)
 k - a +0 chain mail (worn)
Potions
 d - a potion of might
 e - a potion of brilliance {unknown}
 f - a potion of degeneration {unknown}
 i - a potion of attraction {unknown}
 l - a potion of curing

Dungeon Overview and Level Annotations

Branches:
Dungeon (4/15)
 Temple: D:4-7

Altars:


Message History

You closely miss the hound.
The hound is lightly wounded.
The hound bites you. You block the hound's attack.
A magic dart appears from out of thin air!
The magic dart hits you but does no damage.
The orc hits you from afar with a +0 trident.
You slash the hound!
The hound is poisoned.
The hound is almost dead.
You kill the hound!
The orc closely misses you.
You closely miss the orc priest. You closely miss something.
The orc hits you but does no damage.
The orc priest calls down the wrath of Beogh upon you.
Pain shoots through your body!
You hit the orc priest.
The orc priest is poisoned.
The orc priest is moderately wounded.
You barely miss something. You slash the orc!
You kill the orc!
Something hits you.
The orc priest begins to cast a cantrip, but forgets the words!
The orc hits you but does no damage.
The water moccasin bites you but does no damage.
The orc priest barely misses you. Something hits you but does no damage.
You block the orc's attack.
You slash the orc priest!
The orc priest looks as sick as possible!
The orc priest is almost dead.
You barely miss the water moccasin. You hit something.
You kill the orc priest!
The water moccasin bites you. Something hits you but does no damage.
The orc hits you from afar with a +0 trident.
The water moccasin misses you.
You closely miss the water moccasin. You miss something.
The water moccasin closely misses you. Something hits you but does no damage.
The orc barely misses you. The water moccasin barely misses you.
You barely miss the water moccasin. You closely miss something.
Something hits you. The orc hits you but does no damage.
The water moccasin barely misses you. Something hits you but does no damage.
The orc hits you from afar with a +0 trident.
You die...

...! ## .... ...
..... ....
......# #....
......####.#.#.
#...#$#.#.#.#
#.o)).....#.
#..S@......#
#.##...###..
#.....###
#.###.....#
#..##.###.#
##........
#.........
##..####....
..#.#...####....


You could see a water moccasin and an orc.

Vanquished Creatures
  2 hounds
  4 orc priests
  An orc wizard (D:3)
  7 adders
  3 worms
  5 dart slugs
  14 orcs
  3 endoplasms
  4 giant cockroaches
  4 hobgoblins
  4 jackals (D:3)
  6 quokkas
  3 ball pythons
  9 bats
  3 goblins
  10 kobolds
  2 rats
84 creatures vanquished.

Notes
Turn   | Place    | Note
-------+----------+-------------------------------------------
     0 | D:1      | qw the Gargoyle Fighter began the quest for the Orb.
     0 | D:1      | Reached XP level 1. HP: 14/14 MP: 1/1
     0 | D:1      | 0 ||| qw: Version: 0.2-a-101-gf424e7f
     0 | D:1      | 0 ||| qw: Game counter: 315
     0 | D:1      | 0 ||| qw: Always use a shield: true
     0 | D:1      | 0 ||| qw: God list: Okawaru
     0 | D:1      | 0 ||| qw: Allow faded altars: false
     0 | D:1      | 0 ||| qw: Do Orc after D:15 true
     0 | D:1      | 0 ||| qw: Do second Lair branch before Depths: true
     0 | D:1      | 0 ||| qw: Lair rune preference: random
     0 | D:1      | 0 ||| qw: Plans: Normal, Zot:1-4, Slime:5, God:TSO, Crypt,
                  | Tomb, Pan, Hells, Abyss, Win
     0 | D:1      | 0 ||| PLANNING D:1-11
    18 | D:1      | 18 ||| Stepping ~*~*~tactically~*~*~ (stealth).
    24 | D:1      | Reached skill level 2 in Axes
   208 | D:1      | 208 ||| Stepping ~*~*~tactically~*~*~ (hiding).
   217 | D:1      | Reached XP level 2. HP: 19/19 MP: 2/2
   356 | D:1      | 356 ||| Stepping ~*~*~tactically~*~*~ (hiding).
   357 | D:1      | 357 ||| Stepping ~*~*~tactically~*~*~ (hiding).
   765 | D:1      | Reached skill level 3 in Axes
   960 | D:1      | Reached XP level 3. HP: 23/23 MP: 3/3
  1005 | D:1      | 1005 ||| READING scroll labelled INUVUAMUDGH.
  1006 | D:1      | 1006 ||| READING scroll labelled NUJISTR CONK.
  1007 | D:1      | 1007 ||| READING scroll labelled BUCUFIL HARCHE.
  1159 | D:2      | 1159 ||| Stepping ~*~*~tactically~*~*~ (stealth).
  1266 | D:2      | Reached XP level 4. HP: 21/28 MP: 4/4
  1342 | D:2      | Reached skill level 4 in Axes
  1784 | D:2      | 1784 ||| DROPPING ring of magical power.
  1785 | D:2      | 1785 ||| READING scroll labelled SIOKAW QESUARAANN.
  1807 | D:3      | 1807 ||| Stepping ~*~*~tactically~*~*~ (hiding).
  1808 | D:3      | 1808 ||| Stepping ~*~*~tactically~*~*~ (hiding).
  1809 | D:3      | 1809 ||| Stepping ~*~*~tactically~*~*~ (hiding).
  1811 | D:3      | 1811 ||| Stepping ~*~*~tactically~*~*~ (hiding).
  1812 | D:3      | 1812 ||| Stepping ~*~*~tactically~*~*~ (hiding).
  1814 | D:3      | 1814 ||| Stepping ~*~*~tactically~*~*~ (hiding).
  1824 | D:3      | Reached XP level 5. HP: 22/32 MP: 5/5
  1891 | D:3      | Reached skill level 5 in Axes
  1914 | D:3      | 1914 ||| Stepping ~*~*~tactically~*~*~ (stealth).
  1934 | D:3      | 1934 ||| DROPPING +0 club.
  1962 | D:3      | 1962 ||| Stepping ~*~*~tactically~*~*~ (stealth).
  2022 | D:3      | 2022 ||| FLEEEEING.
  2023 | D:3      | 2023 ||| FLEEEEING.
  2024 | D:3      | 2024 ||| FLEEEEING.
  2025 | D:3      | 2025 ||| FLEEEEING.
  2026 | D:3      | 2026 ||| FLEEEEING.
  2027 | D:3      | 2027 ||| FLEEEEING.
  2044 | D:3      | 2044 ||| FLEEEEING.
  2045 | D:3      | 2045 ||| FLEEEEING.
  2045 | D:3      | HP: 8/33 [something (3)]
  2051 | D:3      | HP: 6/33 [orc wizard/+0 dagger (3)]
  2053 | D:3      | Reached skill level 1 in Dodging
  2053 | D:3      | Reached XP level 6. HP: 5/38 MP: 6/6
  2181 | D:3      | 2181 ||| DROPPING +0 whip.
  2194 | D:3      | 2194 ||| Stepping ~*~*~tactically~*~*~ (hiding).
  2197 | D:3      | 2197 ||| Stepping ~*~*~tactically~*~*~ (hiding).
  2198 | D:3      | 2198 ||| Stepping ~*~*~tactically~*~*~ (hiding).
  2419 | D:3      | 2419 ||| Stepping ~*~*~tactically~*~*~ (stealth).
  2427 | D:3      | 2427 ||| Stepping ~*~*~tactically~*~*~ (stealth).
  2428 | D:3      | 2428 ||| Stepping ~*~*~tactically~*~*~ (hiding).
  2430 | D:3      | 2430 ||| Stepping ~*~*~tactically~*~*~ (hiding).
  2431 | D:3      | 2431 ||| Stepping ~*~*~tactically~*~*~ (hiding).
  2693 | D:3      | 2693 ||| Stepping ~*~*~tactically~*~*~ (hiding).
  2790 | D:3      | 2790 ||| UPGRADING to +0 chain mail.
  2800 | D:3      | 2800 ||| DROPPING +0 scale mail.
  2801 | D:3      | 2801 ||| READING scroll labelled ZUSUFAPLITZ.
  2802 | D:3      | 2802 ||| READING scroll labelled WEGE KURAA.
  2807 | D:3      | 2807 ||| READING scroll labelled LAOCSI XEPHIOWK.
  2808 | D:3      | 2808 ||| DRINKING 2 fuming orange potions.
  2808 | D:3      | Gained mutation: You sometimes lose your temper in combat.
                  | [potion of mutation]
  2808 | D:3      | Gained mutation: You are frail. (-10% HP) [potion of
                  | mutation]
  2808 | D:3      | Gained mutation: You have sharp fingernails. [potion of
                  | mutation]
  2808 | D:3      | Lost mutation: You are frail. (-10% HP) [potion of
                  | mutation]
  2822 | D:3      | 2822 ||| DRINKING potion of mutation.
  2822 | D:3      | Lost mutation: You sometimes lose your temper in combat.
                  | [potion of mutation]
  2822 | D:3      | Lost mutation: You have sharp fingernails. [potion of
                  | mutation]
  2822 | D:3      | Gained mutation: You sometimes lose your temper in combat.
                  | [potion of mutation]
  2823 | D:3      | 2823 ||| DRINKING 2 blue potions.
  2863 | D:4      | Noticed a water moccasin
  2871 | D:4      | HP: 6/38 [water moccasin (5)]
  2873 | D:4      | HP: 1/38 [something (3)]
  2873 | D:4      | Slain by an orc

Levels and vault maps discovered:
D:1:      psy_arrival_basics, layout_basic, serial_forest,
          infiniplex_forest_lined_3, infiniplex_forest_clump_double,
          infiniplex_forest_clump_curved, infiniplex_forest_end_1
D:2:      layout_basic, serial_bayou_lagoon_a, st_stairs_9, minmay_pentomino_t2
D:3:      layout_rooms, columned_hall_lemuel
D:4:      cheibrodos_pilgrimage, layout_basic, minmay_temple_entry_fiery,
          serial_shops, nicolae_shop_stone, ebering_ghost_rock_garden,
          minmay_liquid_box, hangedman_abyss_or_decor_slice,
          minmay_fire_ice_demons

Skill      XL: |  1  2  3  4  5 |
---------------+----------------+-----
Axes           | 2 3 4 5 |  5.8
Fighting       | 4 |  4.0
Dodging        | 1 |  1.0
Armour         | |  3.2
Shields        | |  3.2

Action                     |  1- 3 |  4- 6 || total
---------------------------+-------+-------++-------
  Melee: War axe           |    85 |   148 ||   233
    Use: Scroll            |     3 |     4 ||     7
         Potion            |       |     3 ||     3
 Armour: Scale mail        |    46 |    86 ||   132
         Chain mail        |       |    18 ||    18
  Dodge: Dodged            |    29 |    82 ||   111
  Block: Buckler           |    18 |    36 ||    54

Table legend:
 A = Non-vault XP
 B = Vault XP
 C = Vault XP percentage of total XP
 D = Non-vault monster count
 E = Vault monster count
 F = Vault count percentage of total count
                 A         B        C        D         E       F
            +---------+---------+-------+---------+---------+-------
      Total |     523 |      12 |   2.2 |      79 |       5 |   6.0
            +---------+---------+-------+---------+---------+-------
        D:1 |      34 |       0 |   0.0 |      19 |       0 |   0.0
        D:2 |      82 |      12 |  12.8 |      17 |       5 |  22.7
        D:3 |     300 |       0 |   0.0 |      37 |       0 |   0.0
        D:4 |     107 |       0 |   0.0 |       6 |       0 |   0.0
            +---------+---------+-------+---------+---------+-------
